 Dungeon Crawl Stone Soup version 0.22.0-5-gf09313c (webtiles) character file.

33298 jjfam the Severer (level 13, -4/122 HPs)
             Began as a Deep Dwarf Fighter on Aug 11, 2018.
             Was a High Priest of Makhleb.
             Engulfed by a cloud of freezing vapour (6 damage)
             ... in an ice cave on Aug 13, 2018.
             The game lasted 00:37:31 (12407 turns).

jjfam the Severer (Deep Dwarf Fighter)             Turns: 12407, Time: 00:37:31

Health: -4/122     AC: 21    Str: 25    XL:     13   Next: 36%
Magic:  0/0        EV: 20    Int:  9    God:    Makhleb [*****.]
Gold:   1715       SH:  0    Dex: 12    Spells: 12/12 levels left

rFire    . . .     SeeInvis .   N - +1 demon trident (freeze)
rCold    + . .     Gourm    .   (no shield)
rNeg     . . .     Faith    .   S - +3 chain mail {rF+}
rPois    .         Spirit   +   C - +1 hat
rElec    .         Reflect  .   k - +1 cloak
rCorr    .         Harm     .   O - +0 pair of gloves
MR       +....                  I - +0 pair of boots
Stlth    ..........             L - amulet of guardian spirit
HPRegen  0.00/turn              n - +6 ring of evasion
MPRegen  0.07/turn              Q - ring of ice

@: non-regenerating
A: damage resistance, heal wounds, sense surroundings 2, no regeneration
a: Heal Wounds, Minor Destruction, Lesser Servant of Makhleb, Major Destruction,
Greater Servant of Makhleb, Renounce Religion


You were in an ice cave.
You worshipped Makhleb.
Makhleb was extremely pleased with you.
You were hungry.

You visited 3 branches of the dungeon, and saw 16 of its levels.
You also visited: Ice Cave.

You collected 1715 gold pieces.

Inventory:

Hand Weapons
 r - the +6 demon trident of Skirmishing {flame, rElec rF+ rC- Int+3}
   (You found it in an ice cave)

   It has been specially enchanted to burn those struck by it, causing extra
   injury to most foes and up to half again as much damage against particularly
   susceptible opponents.
   It affects your intelligence (+3).
   It protects you from fire.
   It makes you vulnerable to cold.
   It insulates you from electricity.
 E - a +4 battleaxe
 M - a +0 scythe of freezing
 N - a +1 demon trident of freezing (weapon)
Armour
 k - a +1 cloak (worn)
 C - a +1 hat (worn)
 I - a +0 pair of boots (worn)
 J - a +0 plate armour
 O - a +0 pair of gloves (worn)
 S - a +3 chain mail of fire resistance (worn)
Jewellery
 a - a +3 ring of evasion
 n - a +6 ring of evasion (left hand)
 K - an uncursed ring of protection from magic
 L - an amulet of guardian spirit (around neck)
 Q - a ring of ice (right hand)
Wands
 c - a wand of clouds (7)
 z - a wand of enslavement (19)
 A - a wand of paralysis (22)
 G - a wand of acid (15)
 P - a wand of flame (35)
 R - a wand of scattershot (7)
Scrolls
 b - 2 scrolls of amnesia {unknown}
 g - 4 scrolls of enchant armour
 j - a scroll of fog
 l - 3 scrolls of remove curse
 m - 6 scrolls of identify
 o - 2 scrolls of immolation
 t - a scroll of teleportation {unknown}
 w - 2 scrolls of blinking {unknown}
 x - 2 scrolls of fear {unknown}
 y - 4 scrolls of enchant weapon {unknown}
Potions
 d - 2 potions of might
 e - 2 potions of mutation {unknown}
 h - 3 potions of curing
 i - a potion of berserk rage
 p - 4 potions of heal wounds
 q - 4 potions of flight
 s - 4 potions of agility
 u - a potion of resistance
 v - 5 potions of lignification
 B - a potion of haste {unknown}
 D - 2 potions of brilliance
 F - 3 potions of ambrosia {unknown}
 H - a potion of invisibility
Comestibles
 f - 22 rations


   Skills:
 + Level 9.6 Fighting
 * Level 15.5 Axes
 + Level 11.4 Armour
 + Level 10.7 Dodging
 - Level 1.0 Stealth
   Level 5.9 Shields


You had 12 spell levels left.
You didn't know any spells.
Your spell library contained the following spells:

 Spells                   Type           Power        Failure   Level  Hunger
 Throw Frost              Conj/Ice       #.....       96%         2    ###....
 Freeze                   Ice            #...         88%         1    ##.....
 Summon Ice Beast         Ice/Summ       #.......     100%        4    #####..
 Ozocubu's Armour         Chrm/Ice       #.......     99%         3    ####...
 Throw Icicle             Conj/Ice       #.......     100%        4    #####..


Dungeon Overview and Level Annotations

Branches:
Dungeon (13/15)            Temple (1/1) D:5            Lair (0/6) D:8
    Orc (2/2) D:10            Elf (0/3) Orc:2
 Vaults: D:13-14

Altars:
Cheibriados
Gozag
Hepliaklqana
Kikubaaqudgha
Makhleb
Qazlal
Sif Muna
Uskayaw
Vehumet
Xom
Zin
Beogh

Shops:
Orc:2 :::!(


Innate Abilities, Weirdness & Mutations

You are resistant to damage.
You can heal yourself by infusing magical energy.
You passively map the area around you.
You do not regenerate.


Message History

There are no items here.
Press: ? - help, . - travel, g - get item You can't see that place. [Stash: a demon trident of freezing] [the floor.]
You see here a demon trident of freezing.
N - a demon trident of freezing The +6 demon trident of Skirmishing {flame, rElec rF+ rC- Int+3} stops flaming.
Your +1 demon trident of freezing glows with a cold blue light!
N - a +1 demon trident of freezing (weapon)
You don't have enough innate magic capacity.
Firing (i - inventory) No suitable missiles.
Press: ? - help, Shift-Dir - straight line, f - you Really target yourself?
Okay, then.
You are engulfed in freezing vapours.
You resist.
* * * LOW HITPOINT WARNING * * *
You are engulfed in freezing vapours.
You resist.
You are engulfed in freezing vapours.
You resist.
You die...

##### ##.#.#### ####
##.......# #### ##§§##
#.......####§§#####§§§.##
#........##§§§§##.§§§§..#
#..........§#§§§§...∩§∩.#
##.........###§§§§§§....#
#.......###*##@§##§...##
#......## ≈######..##*
#.......# ≈ ≈ ####≈
##.....## ≈ ≈ ≈ *≈≈ ≈
##....# ≈##### ≈≈ ≈ *
##..##≈##...## ≈≈ ≈*
##≈..# ≈#.....## ≈ #...##
##......#≈ ##### ##..#
#.......####...#


There were no monsters in sight!

Vanquished Creatures
  An orc warlord (Orc:2)
  Azrael (D:12)
  Josephine (D:12)
  5 ogre magi (Orc:2)
  Harold (D:11)
  2 two-headed ogres
  2 orc high priests (Orc:2)
  Nergalle (Orc:2)
  7 orc sorcerers (Orc:2)
  A manticore (D:12)
  2 cyclopes
  3 ugly things
  2 ice statues (IceCv)
  Psyche (D:8)
  9 ice devils (IceCv)
  9 trolls
  Prince Ribbit (D:8)
  A hippogriff (D:11)
  A shadow (D:12)
  A wyvern (D:12)
  10 yaks (D:12)
  4 wraiths
  6 fire elementals (D:12)
  4 hungry ghosts
  3 wargs (Orc:2)
  2 hell hounds (D:12)
  A water moccasin (D:7)
  10 orc warriors
  4 sky beasts
  2 black bears
  3 ice beasts
  A phantom (D:12)
  10 ogres
  10 centaurs
  A big kobold (D:11)
  9 bullfrogs
  2 gnoll sergeants
  A wyvern zombie (D:11)
  A water moccasin zombie (D:8)
  A wyvern skeleton (D:11)
  4 killer bees (D:9)
  8 wights
  8 howler monkeys
  4 crimson imps
  3 bullfrog zombies
  A centaur zombie (D:12)
  A quasit (D:12)
  2 centaur skeletons
  4 jellies
  6 bullfrog skeletons
  A gnoll shaman (D:6)
  7 orc priests
  26 orc wizards
  4 hounds
  6 iguanas
  3 worker ants
  A hound zombie (D:7)
  2 hound skeletons
  A howler monkey zombie (D:8)
  2 worker ant zombies
  14 gnolls
  14 adders
  23 white imps
  7 ufetubi (IceCv)
  An ooze (D:2)
  An adder skeleton (D:9)
  An adder zombie (D:5)
  2 worms
  4 leopard geckos
  50 orcs
  12 bats
  2 giant cockroaches
  8 goblins
  14 hobgoblins
  18 jackals
  5 quokkas
  2 ball pythons (D:3)
  9 frilled lizards
  14 kobolds
  2 leopard gecko zombies (D:5)
  A rat (D:1)
435 creatures vanquished.

Vanquished Creatures (others)
  A reaper (IceCv)
  Fannar (D:10)
  An orc wizard (Orc:2)
  A white imp (IceCv)
  An ufetubus (IceCv)
  2 orcs
7 creatures vanquished.

Grand Total: 442 creatures vanquished

Notes
Turn   | Place    | Note
-------+----------+-------------------------------------------
     0 | D:1      | jjfam the Deep Dwarf Fighter began the quest for the Orb.
     0 | D:1      | Reached XP level 1. HP: 20/20 MP: 1/1
   154 | D:1      | Reached XP level 2. HP: 22/27 MP: 2/2
   868 | D:2      | Reached XP level 3. HP: 24/33 MP: 3/3
   997 | D:2      | Reached skill level 3 in Axes
  1204 | D:2      | Reached XP level 4. HP: 23/40 MP: 4/4
  1563 | D:2      | Found a deep blue altar of Sif Muna.
  1771 | D:3      | Reached skill level 1 in Dodging
  1960 | D:3      | Reached XP level 5. HP: 39/49 MP: 4/4
  2218 | D:3      | Reached skill level 4 in Axes
  3285 | D:4      | Noticed an ogre
  3292 | D:4      | Killed an ogre
  3292 | D:4      | Reached XP level 6. HP: 44/56 MP: 4/4
  3474 | D:5      | Entered Level 5 of the Dungeon
  3480 | D:5      | Reached skill level 5 in Axes
  3557 | D:5      | Reached skill level 5 in Shields
  3668 | D:5      | Found a staircase to the Ecumenical Temple.
  3702 | Temple   | Entered the Ecumenical Temple
  3711 | Temple   | Became a worshipper of Makhleb the Destroyer
  3826 | D:5      | Noticed a sky beast
  3852 | D:5      | Killed a sky beast
  3852 | D:5      | Reached XP level 7. HP: 57/62 MP: 4/4
  3863 | D:5      | Reached skill level 6 in Axes
  4282 | D:6      | Reached skill level 7 in Axes
  4282 | D:6      | Reached XP level 8. HP: 62/72 MP: 5/5
  4321 | D:6      | Reached skill level 5 in Armour
  4418 | D:6      | Reached * piety under Makhleb
  4421 | D:6      | Reached skill level 1 in Stealth
  5122 | D:7      | Reached skill level 8 in Axes
  5350 | D:7      | Noticed a troll
  5368 | D:7      | Killed a troll
  5407 | D:7      | Found an opulent altar of Gozag.
  5415 | D:7      | Found a hide-covered altar of Uskayaw.
  5416 | D:7      | Found a hazy altar of Hepliaklqana.
  5507 | D:7      | Gained mutation: You passively map the area around you. [Deep Dwarf growth]
  5507 | D:7      | Reached XP level 9. HP: 57/80 MP: 5/5
  5700 | D:7      | Reached skill level 9 in Axes
  6155 | D:8      | Noticed Prince Ribbit
  6167 | D:8      | Reached skill level 5 in Fighting
  6172 | D:8      | Killed Prince Ribbit
  6508 | D:8      | Noticed Psyche
  6536 | D:8      | Paralysed by Psyche for 7 turns
  6549 | D:8      | Killed Psyche
  6549 | D:8      | Reached skill level 5 in Dodging
  6579 | D:8      | Found a staircase to the Lair.
  6662 | D:8      | Found a shimmering altar of Xom.
  7054 | D:8      | Reached ** piety under Makhleb
  7174 | D:8      | Reached skill level 10 in Axes
  7434 | D:9      | Noticed a troll
  7445 | D:9      | Killed a troll
  7561 | D:9      | Reached XP level 10. HP: 61/91 MP: 0/5
  7925 | D:10     | Entered Level 10 of the Dungeon
  8014 | D:10     | Found a staircase to the Orcish Mines.
  8144 | D:10     | Noticed a two-headed ogre
  8149 | D:10     | Killed a two-headed ogre
  8149 | D:10     | Reached skill level 11 in Axes
  8244 | D:10     | Noticed Fannar
  8276 | D:10     | HP: 3/92 [something (3)]
  8330 | D:10     | Killed Fannar
  8747 | Orc:1    | Entered Level 1 of the Orcish Mines
  8777 | Orc:1    | Noticed a two-headed ogre
  8787 | Orc:1    | Reached *** piety under Makhleb
  8789 | Orc:1    | Killed a two-headed ogre
  8844 | Orc:1    | Reached XP level 11. HP: 86/100 MP: 0/5
  8859 | Orc:1    | Reached skill level 12 in Axes
  9151 | Orc:2    | Entered Level 2 of the Orcish Mines
  9191 | Orc:2    | Noticed an orc sorcerer
  9209 | Orc:2    | Killed an orc sorcerer
  9236 | Orc:2    | Found Zaevvug's Book Shop.
  9254 | Orc:2    | Noticed an orc sorcerer
  9255 | Orc:2    | Noticed an orc warlord
  9259 | Orc:2    | Noticed a sun demon
  9264 | Orc:2    | Killed an orc sorcerer
  9293 | Orc:2    | Killed an orc warlord
  9336 | Orc:2    | Found a burning altar of Makhleb.
  9423 | Orc:2    | Noticed an orc high priest
  9424 | Orc:2    | Noticed a soul eater
  9425 | Orc:2    | Noticed an orc sorcerer
  9439 | Orc:2    | Noticed a soul eater
  9445 | Orc:2    | Killed an orc high priest
  9450 | Orc:2    | Killed an orc sorcerer
  9534 | Orc:2    | Noticed an orc high priest
  9550 | Orc:2    | Killed an orc high priest
  9550 | Orc:2    | Reached skill level 13 in Axes
  9558 | Orc:2    | Found a staircase to the Elven Halls.
  9688 | Orc:2    | Reached **** piety under Makhleb
  9688 | Orc:2    | Noticed an orc sorcerer
  9699 | Orc:2    | Killed an orc sorcerer
  9715 | Orc:2    | Noticed an ogre mage
  9732 | Orc:2    | Killed an ogre mage
  9748 | Orc:2    | Found Oloarched's Book Emporium.
  9795 | Orc:2    | Found an ancient bone altar of Kikubaaqudgha.
  9795 | Orc:2    | Noticed Nergalle
  9796 | Orc:2    | Noticed an orc sorcerer
  9799 | Orc:2    | Noticed an ogre mage
  9803 | Orc:2    | Noticed an orc sorcerer
  9806 | Orc:2    | Noticed a spectral orc warlord
  9808 | Orc:2    | Killed Nergalle
  9808 | Orc:2    | Reached XP level 12. HP: 90/110 MP: 0/2
  9820 | Orc:2    | Reached skill level 10 in Armour
  9831 | Orc:2    | Killed an ogre mage
  9875 | Orc:2    | Noticed an ogre mage
  9876 | Orc:2    | Found a radiant altar of Vehumet.
  9889 | Orc:2    | Killed an ogre mage
  9914 | Orc:2    | Found Era Zotimo's Antique Weapon Emporium.
  9915 | Orc:2    | Noticed an ogre mage
  9916 | Orc:2    | Found a roughly hewn altar of Beogh.
  9919 | Orc:2    | Noticed an ogre mage
  9930 | Orc:2    | Killed an ogre mage
  9930 | Orc:2    | Reached skill level 14 in Axes
  9939 | Orc:2    | Killed an ogre mage
  9945 | Orc:2    | Found Jiegibb's Distillery.
 10009 | Orc:2    | Found Eskudaabi's Book Shoppe.
 10219 | Orc:1    | Upgraded the game from 0.22.0 to 0.22.0-5-gf09313c
 10720 | D:11     | Reached ***** piety under Makhleb
 10732 | D:11     | Noticed Harold
 10739 | D:11     | Killed Harold
 10958 | D:12     | Noticed Josephine
 10958 | D:12     | Noticed Azrael
 10961 | D:12     | Noticed a blizzard demon
 10970 | D:12     | Reached skill level 10 in Dodging
 10972 | D:12     | Killed Josephine
 10978 | D:12     | Killed Azrael
 11231 | D:12     | Reached XP level 13. HP: 111/121 MP: 0/2
 11259 | D:12     | Reached skill level 15 in Axes
 11967 | D:13     | Found a frozen archway.
 11994 | IceCv    | Entered an ice cave
 12058 | IceCv    | Killed a reaper
 12288 | IceCv    | Got a bloodstained demon trident
 12289 | IceCv    | Identified the +6 demon trident of Skirmishing {flame, rElec rF+ rC- Int+3} (You found it in an ice cave)
 12400 | IceCv    | HP: 2/122 [something (6)]
 12407 | IceCv    | Engulfed by a cloud of freezing vapour

Skill      XL: |  1  2  3  4  5  6  7  8  9 10 11 12 13 |
---------------+----------------------------------------+-----
Shields        | 4 5 |  5.9
Axes           | 3 4 5 7 8 10 11 13 14 15 | 15.5
Fighting       | 3 4 5 7 8 9 |  9.6
Dodging        | 1 2 3 4 5 7 8 10 | 10.7
Armour         | 4 6 7 8 9 11 | 11.4
Stealth        | 1 |  1.0

Action                   |  1- 3 |  4- 6 |  7- 9 | 10-12 | 13-15 || total
-------------------------+-------+-------+-------+-------+-------++-------
Melee: War axe           |   155 |   233 |   100 |       |       ||   488
       Battleaxe         |       |       |   167 |   572 |   229 ||   968
       Unarmed           |       |       |    19 |       |       ||    19
Invok: Minor Destruction |       |       |       |     1 |       ||     1
       Lesser Servant of |       |       |       |     1 |       ||     1
       Greater Servant o |       |       |       |     1 |       ||     1
 Abil: Heal Wounds       |       |     3 |     9 |    24 |     7 ||    43
Evoke: Wand              |       |       |       |     2 |       ||     2
  Use: Scroll            |       |       |    15 |     1 |     1 ||    17
       Potion            |       |       |       |       |     1 ||     1
 Stab: Invisible         |       |       |     5 |       |       ||     5
  Eat: Chunk             |     1 |     9 |    14 |    16 |     5 ||    45
Armor: Scale mail        |    81 |   117 |    67 |       |       ||   265
       Ring mail         |       |       |    26 |    63 |       ||    89
       Chain mail        |       |       |       |   203 |    78 ||   281
Dodge: Dodged            |    55 |    99 |   293 |   669 |   192 ||  1308
Block: Shield            |   105 |   156 |    61 |       |       ||   322
